 Dungeon Crawl Stone Soup version 0.28-a0-773-g130ae17fe5 (webtiles) character file.

Game seed: 10138091653804402293

102 meatgazer the Skirmisher (level 4, -11/37 HPs)
             Began as a Demonspawn Abyssal Knight on Nov 1, 2021.
             Was a Follower of Lugonu.
             Killed from afar by a balrug (16 damage)
             ... with a sticky flame
             ... on level 1 of the Abyss.
             The game lasted 00:00:35 (93 turns).

meatgazer the Skirmisher (Demonspawn Abyssal Knight)  Turns: 93, Time: 00:00:36

Health: -11/37     AC:  3    Str: 14    XL:     4   Next: 49%
Magic:  6/6        EV: 11    Int: 12    God:    Lugonu [*.....]
Gold:   0          SH:  0    Dex: 13    Spells: 3/3 levels left

rFire   . . .      SeeInvis .   a - +1 falchion
rCold   . . .      Faith    .   (no shield)
rNeg    . . .      Spirit   .   b - +0 leather armour
rPois   .          Reflect  .   (helmet restricted)
rElec   .          Harm     .   (no cloak)
rCorr   .          Rampage  .   (no gloves)
Will    .....                   (no boots)
Stlth   +.........              (no amulet)
HPRegen 0.12/turn               (no ring)
MPRegen 0.10/turn               (no ring)

@: on fire, glowing
A: horns 1, powered by death 1
a: Renounce Religion, Depart the Abyss


You were on level 1 of the Abyss.
You worshipped Lugonu.
Lugonu was aware of your devotion.
You visited 0 branches of the dungeon, and saw 0 of its levels.
You visited the Abyss 1 time.

Inventory:

Hand Weapons
 a - a +1 falchion (weapon)
Armour
 b - a +0 leather armour (worn)


   Skills:
 + Level 4.3 Fighting
 + Level 2.5 Long Blades
 + Level 2.2 Armour
 + Level 1.2 Dodging
 + Level 2.9 Invocations


You had 3 spell levels left.
You didn't know any spells.
Your spell library was empty.

Dungeon Overview and Level Annotations

Branches:
Dungeon (0/15)

Altars:


Innate Abilities, Weirdness & Mutations

You have a pair of small horns on your head.
You regenerate a little health from kills.


Message History

You hit the small abomination.
The small abomination is moderately damaged.
The small abomination hits you but does no damage.
The small abomination hits you!
You hit the small abomination.
The small abomination is heavily damaged.
The small abomination barely misses you.
You barely miss the small abomination.
The small abomination is heavily damaged.
The small abomination hits you but does no damage.
You hit the small abomination.
The small abomination is heavily damaged.
The small abomination hits you but does no damage.
You barely miss the small abomination.
The small abomination is heavily damaged.
The small abomination hits you!
* * * LOW HITPOINT WARNING * * *
You hit the small abomination.
The small abomination is severely damaged.
You feel less wooden.
Your +0 leather armour unmelds from your body.
The small abomination barely misses you.
The small abomination hits you but does no damage.
You barely miss the small abomination.
The small abomination is severely damaged.
The small abomination closely misses you.
You hit the small abomination. You headbutt the small abomination.
You destroy the small abomination!
Your Fighting skill increases to level 4!
You have reached level 4!
You feel clever.
Your demonic ancestry asserts itself...
A wave of death washes over you.
You start resting.
A balrug comes into view.
It is wielding a +0 vampiric demon whip.
A balrug is nearby!
The balrug shouts!
The balrug gestures at you. The sticky flame hits you!
You are covered in liquid flames!
You die...

. ###.. .# .#.
. #.##..#. . #
....## # . ...
###...... #. .
. #...#2. # #
.#...
#...#...##.#.##
.. #.##...
##...##.#..
.......#.....#
. ........@.#
#... .
.#....##.....#
.#
#.....#....###
. ....#.#....#
. ... #. ##.#
## .. . #.. . .
.. . ## .#


You could see a balrug.

Vanquished Creatures
  A small abomination (Abyss:1)
  An iron imp (Abyss:1)
2 creatures vanquished.

Notes
Turn   | Place    | Note
-------+----------+-------------------------------------------
     0 | Abyss:1  | meatgazer the Demonspawn Abyssal Knight began the quest for
                  | the Orb.
     0 | Abyss:1  | Reached XP level 1. HP: 18/18 MP: 2/2
    56 | Abyss:1  | Noticed an iron imp
    63 | Abyss:1  | Noticed a small abomination
    75 | Abyss:1  | Killed an iron imp
    76 | Abyss:1  | Reached skill level 1 in Dodging
    76 | Abyss:1  | Gained mutation: You have a pair of small horns on your
                  | head. [demonic ancestry]
    76 | Abyss:1  | Reached XP level 2. HP: 25/25 MP: 4/4
    76 | Abyss:1  | Reached XP level 3. HP: 30/30 MP: 5/5
    86 | Abyss:1  | Killed a small abomination
    87 | Abyss:1  | Reached skill level 4 in Fighting
    87 | Abyss:1  | Gained mutation: You regenerate a little health from kills.
                  | [demonic ancestry]
    87 | Abyss:1  | Reached XP level 4. HP: 4/37 MP: 6/6
    92 | Abyss:1  | Noticed a balrug
    93 | Abyss:1  | Killed from afar by a balrug

Illustrated notes

Levels and vault maps discovered:
Abyss:1:  base: Temple, evilmike_abyss_exit_2, patterned_corridor,
          guppyfry_abyss_exit_glass_guarded, base: Temple,
          hangedman_abyss_or_decor_jellyfish_corner

Skill      XL: |  1  2  3 |
---------------+----------+-----
Long Blades    | 2 |  2.5
Armour         | 2 |  2.2
Dodging        | 1 |  1.2
Fighting       | 4 |  4.3
Invocations    | |  2.9

Action                   |  1- 3 |  4- 6 || total
-------------------------+-------+-------++-------
Melee: Falchion          |    24 |       ||    24
       Headbutt          |     1 |       ||     1
  Use: Potion            |     1 |       ||     1
Armor: Skin              |    21 |       ||    21
       Leather armour    |     1 |       ||     1
Dodge: Dodged            |     4 |       ||     4

Table legend: (Time is in decaauts)
 A = Elapsed time spent in this place.
 B = Non-inter-level travel time spent in this place.
 C = Inter-level travel time spent in this place.
 D = Time resting spent in this place.
 E = Time spent auto-exploring this place.
 F = Levels seen in this place.
 G = Mean time per level.
                   A        B        C        D        E       F      G
               +--------+--------+--------+--------+--------+-----+--------+
         Total |     98 |     98 |      0 |      6 |     53 |   1 |   98.0 |
         Abyss |     98 |     98 |      0 |      6 |     53 |   1 |   98.0 |
               +--------+--------+--------+--------+--------+-----+--------+

Top non-repeatable levels by time:
 Abyss:1: 98 daAuts
